 Dungeon Crawl Stone Soup version bcrawl-1.19.2-6-g6a88ae04c9 (webtiles) character file.

Game seed: 8998795328780592342

84 Ephraim the Skirmisher (level 4, 0/40 HPs)
             Began as a Ghoul Fighter on Dec 30, 2019.
             Slain by a gnoll
             ... wielding a +0 whip
              (6 damage)
             ... on level 3 of the Dungeon.
             The game lasted 00:11:04 (2014 turns).

Ephraim the Skirmisher (Ghoul Fighter)              Turns: 2014, Time: 00:11:04

Health: 0/40       AC:  7    Str: 20    XL:     4   Next: 45%
Magic:  3/3        EV:  7    Int:  3    God:
Gold:   78         SH:  9    Dex:  8    Spells: 3/3 levels left

rFire    . . .     SeeInvis .     - Unarmed
rCold    + . .     Gourm    .   b - +0 shield
rNeg     + + +     Faith    .   a - +0 scale mail
rPois    ∞         Spirit   .   r - +0 helmet
rElec    .         Reflect  .   (no cloak)
rCorr    .         Harm     .   (no gloves)
MR       .....                  (no boots)
Stlth    ..........             (no amulet)
HPRegen  0.00/turn              (no ring)
MPRegen  0.08/turn              (no ring)

@: rotting
A: rotting body, claws 1, carnivore, cold resistance 1, negative energy
resistance 3, inhibited regeneration, torment resistance, unbreathing
a: no special abilities


You were on level 3 of the Dungeon.
You were not hungry.

You visited 1 branch of the dungeon, and saw 3 of its levels.

You collected 78 gold pieces.

Inventory:

Hand Weapons
 i - a +0 mace
 o - a +0 hunting sling
Missiles
 f - 384 stones (quivered)
 k - 140 arrows
Armour
 a - a +0 scale mail (worn)
 b - a +0 shield (worn)
 r - a +0 helmet (worn)
Scrolls
 h - a scroll of remove curse {unknown}
 l - a scroll of teleportation {unknown}
 q - a scroll of identify {unknown}
Potions
 c - 2 potions of might
 d - a potion of curing
 e - a potion of berserk rage {unknown}
 g - a potion of magic {unknown}
 j - a potion of mutation {unknown}
 p - a potion of resistance {unknown}


   Skills:
 * Level 4.0 Fighting
 + Level 3.0 Armour
 + Level 3.5 Shields
 + Level 3.0 Unarmed Combat


You had 3 spell levels left.
You didn't know any spells.
Your spell library was empty.

Dungeon Overview and Level Annotations

Branches:
Dungeon (3/12)

Altars:
Wu Jian


Innate Abilities, Weirdness & Mutations

Your body is rotting away.
You thrive on raw meat.
You are immune to poison.
You have sharp fingernails.
You are carnivorous and can eat meat at any time.
Your flesh is cold resistant. (rC+)
You are immune to negative energy. (rN+++)
You do not regenerate when monsters are visible.
You are immune to unholy pain and torment.
You can survive without breathing.


Message History

The gnoll hits you with a +2 halberd of flaming!
The gnoll burns you.
You closely miss the gnoll.
The gnoll is lightly wounded.
The gnoll barely misses you. You block the gnoll's attack.
You scratch the gnoll.
The gnoll is heavily wounded.
The gnoll closely misses you.
Your shield prevents you from hitting the gnoll.
The gnoll is heavily wounded.
You block the gnoll's attack. The gnoll barely misses you.
You closely miss the gnoll.
The gnoll is heavily wounded.
The gnoll hits you with a +2 halberd of flaming!
* * * LOW HITPOINT WARNING * * *
The gnoll burns you.
* * * LOW HITPOINT WARNING * * *
You block the gnoll's attack. The gnoll hits you with a +0 whip.
You die...

##### #...#
+...# ##g..#####
#@g......#
≈......†#'#.##.#
≈.....#.. ..
...####.#. ...
.. #.... ... #..
%. .? #.. ≈.. .
#..% ≈..


You could see 2 gnolls.

Vanquished Creatures
  A worker ant (D:2)
  A gnoll (D:3)
  An adder (D:2)
  A dart slug (D:2)
  3 leopard geckos
  4 bats
  A giant cockroach (D:2)
  2 goblins
  3 hobgoblins
  8 jackals (D:2)
  2 kobolds (D:1)
  6 frilled lizards (D:2)
  A rat (D:2)
  A fungus (D:1)
  A plant (D:1)
36 creatures vanquished.

Notes
Turn   | Place    | Note
-------+----------+-------------------------------------------
     0 | D:1      | Ephraim the Ghoul Fighter began the quest for the Orb.
     0 | D:1      | Reached XP level 1. HP: 19/19 MP: 0/0
   404 | D:1      | Reached XP level 2. HP: 26/26 MP: 1/1
   985 | D:2      | Reached XP level 3. HP: 14/33 MP: 2/2
  1172 | D:2      | Reached skill level 4 in Fighting
  1172 | D:2      | Reached XP level 4. HP: 30/40 MP: 3/3
  1206 | D:2      | Found an ornate altar of the Wu Jian Council.
  2014 | D:3      | Slain by a gnoll

Skill      XL: |  1  2  3  4 |
---------------+-------------+-----
Shields        | 3 |  3.5
Fighting       | 4 |  4.0
Armour         | 3 |  3.0
Unarmed Combat | 3 |  3.0

Action                   |  1- 3 |  4- 6 || total
-------------------------+-------+-------++-------
Melee: Unarmed           |   255 |    48 ||   303
  Use: Potion            |       |     1 ||     1
  Eat: Chunk             |    13 |       ||    13
       Ration            |     1 |     1 ||     2
Armor: Scale mail        |   125 |    17 ||   142
Dodge: Dodged            |    77 |    14 ||    91
Block: Shield            |   109 |    16 ||   125
